Cogmind - Beta 10.2 @@@ ROGUE MODE // 2021.04.16 @ 14:28:18 Player: Dendrocnid Result: Destroyed by H-66 Slayer with Heavy Assault Rifle Performance ------------- Evolutions (5) 2500 Regions Visited (16) 3200 Robots Destroyed (173) 865 Value Destroyed (9683) 9683 Prototype IDs (25) 500 Alien Tech Used (0) 0 Bonus (5266) 5266 TOTAL SCORE: 22014 Bonus ------- High Alert Combat Kills 932 Follower Combat Kills 1276 Entered Garrisons 1200 Used RIF Installer 2500 Aligned with FarCom 300 Friendly Fire -942 Cogmind --------- Core Integrity 0/1000 Matter 234/300 Energy 99/100 System Corruption 20% Temperature Cool (0) Movement Core (1100) Ox21 Location -5/Garrison Parts ------- > --- POWER (1) -------- (None) > --- PROPULSION (2) --- (None) > --- UTILITY (12) ----- High-capacity Storage Unit High-capacity Storage Unit Enhanced Optical Array Relay Coupler [NC] (16) Relay Coupler [Sentry] (4) Relay Coupler [Behemoth] (9) > --- WEAPON (2) ------- (None) > --- INVENTORY (20) --- High-capacity Matter Pod (11) Relay Coupler [Swarmer] (33) Relay Coupler [Demolisher] (21) Relay Coupler [Specialist] (26) Remote Datajack Improved Remote Datajack Peak State ------------ > --- POWER ------------ Reinforced Deuterium Engine > --- PROPULSION ------- Advanced Treads Armored Wheel > --- UTILITY ---------- High-capacity Storage Unit High-capacity Storage Unit Enhanced Optical Array Improved Heavy Armor Plating Relay Coupler [Grunt] Relay Coupler [Sentry] Relay Coupler [Demolisher] Relay Coupler [Specialist] Relay Coupler [Hunter] > --- WEAPON ----------- Power Sword Power Sword > --- INVENTORY -------- Light Nuclear Core Medium Treads High-capacity Matter Pod Relay Coupler [NC] Relay Coupler [NC] Relay Coupler [Grunt] Relay Coupler [Grunt] Relay Coupler [Grunt] Relay Coupler [Brawler] Relay Coupler [Duelist] Relay Coupler [Hunter] Flak Gun AWS/Gauss Magnetic Acceleration Cannon Shock Bomb Launcher Heavy Rocket Launcher Remote Datajack [Rating: 63] Favorites ----------- Power Reinforced Deuterium Engine Engine Reinforced Deuterium Engine Power Core Light Nuclear Core Propulsion Armored Wheel Treads Light Treads Leg Flexi-carbon Leg Wheel Armored Wheel Utility High-capacity Storage Unit Device Improved Heat Sink Storage High-capacity Storage Unit Processor Enhanced Optical Array Hackware Relay Coupler [Grunt] Protection Improved Light Armor Plating Weapon Power Sword Energy Gun Arc Projector Ballistic Gun Gauss Rifle Ballistic Cannon Advanced Assault Cannon Launcher Grenade Launcher Special Weapon Remote Datajack Slashing Weapon Power Sword Special Melee Weapon Improved Datajack Build | -11 -10 -10 -10 -9 -8 -8 -7 -7 -7 -7 -6 -6 -5 -5 -5 -5 ------- Run | Scr Mat Min Exi Min Mat Gar Fac Gar Fac Gar Fac Gar Fac Gar Fac Gar Slots Evolved 10 | . . . . . 4 . 2 . . . 2 . 2 . . . Power . | . . . . . . . . . . . . . . . . . Propulsion . | . . . . . . . . . . . . . . . . . Utility 10 | . . . . . 4 . 2 . . . 2 . 2 . . . Weapon . | . . . . . . . . . . . . . . . . . Parts Attached 270 | 6 3 6 1 4 21 26 11 20 1 21 31 24 42 36 9 8 Power 17 | 1 . . . 2 1 2 1 2 . 3 . . 2 3 . . Engine 11 | 1 . . . 1 1 1 1 2 . 2 . . . 2 . . Core 6 | . . . . 1 . 1 . . . 1 . . 2 1 . . Reactor . | . . . . . . . . . . . . . . . . . Propulsion 28 | 2 . . . 1 4 3 2 2 1 1 2 1 6 3 . . Treads 11 | . . . . . . 3 1 2 1 1 1 . . 2 . . Leg 3 | . . . . . . . . . . . . . 2 1 . . Wheel 14 | 2 . . . 1 4 . 1 . . . 1 1 4 . . . Hover . | . . . . . . . . . . . . . . . . . Flight . | . . . . . . . . . . . . . . . . . Utility 62 | 1 2 . 1 . 5 3 3 6 . 7 8 4 8 9 3 2 Device 3 | . . . . . 1 1 1 . . . . . . . . . Storage 8 | 1 1 . 1 . . . . 2 . . . . . 1 2 . Processor 2 | . . . . . 1 . 1 . . . . . . . . . Hackware 29 | . . . . . . 1 . 1 . 7 7 3 3 4 1 2 Protection 20 | . 1 . . . 3 1 1 3 . . 1 1 5 4 . . Artifact . | . . . . . . . . . . . . . . . . . Weapon 163 | 2 1 6 . 1 11 18 5 10 . 10 21 19 26 21 6 6 Energy Gun 19 | 1 . 1 . . 5 9 1 . . . . . 2 . . . Energy Cannon . | . . . . . . . . . . . . . . . . . Ballistic Gun 46 | 1 . 1 . . 3 3 2 1 . 1 1 3 11 14 3 2 Ballistic Cannon 17 | . 1 2 . . . . . 4 . 2 3 2 3 . . . Launcher 23 | . . 2 . 1 . 2 . 2 . 2 . 4 3 4 . 3 Special Weapon 20 | . . . . . . . . . . . 8 3 2 3 3 1 Impact Weapon . | . . . . . . . . . . . . . . . . . Slashing Weapon 29 | . . . . . 1 3 2 3 . 2 7 6 5 . . . Piercing Weapon . | . . . . . . . . . . . . . . . . . Special Melee Weapon 9 | . . . . . 2 1 . . . 3 2 1 . . . . Unidentified Prototypes . | . . . . . . . . . . . . . . . . . Parts Lost 92 | . . 2 . 3 10 14 7 9 . 3 4 1 22 5 1 11 Power 12 | . . . . 1 1 2 1 1 . 2 . . 3 . . 1 Propulsion 21 | . . . . 1 3 3 2 2 . . 1 . 5 2 . 2 Utility 32 | . . . . . 3 2 1 5 . 1 1 1 10 3 . 5 Weapon 27 | . . 2 . 1 3 7 3 1 . . 2 . 4 . 1 3 Highest Loss Streak 9 | . . 1 . 2 4 8 4 4 . 1 1 1 9 2 1 7 Average Slot Usage (%) 84 | . 92 99 100 99 92 89 83 85 84 93 87 82 72 63 84 59 Engine 5 | . 14 14 14 11 8 . 5 6 7 3 6 6 3 2 5 1 Core 1 | . . . . 2 . 8 . . . 3 . . 1 1 . . Treads 6 | . . . . . . 17 5 12 15 14 6 . . 5 11 6 Wheel 7 | . 28 28 28 27 17 . 5 1 . . 5 12 8 . . . Device 1 | . . . . . 5 8 5 . . . . . . . . . Storage 14 | . 14 14 27 28 18 18 15 15 15 15 13 13 11 6 10 11 Processor 7 | . . . . . 8 9 15 13 7 7 6 6 5 5 5 5 Hackware 12 | . . . . . . 3 7 9 7 19 28 24 19 9 20 21 Protection 8 | . 6 14 . . 15 5 4 7 15 12 5 5 7 13 17 4 Energy Gun 1 | . 2 4 14 . 8 4 . . . . . . . . . . Ballistic Gun 5 | . 14 13 14 14 7 9 1 1 . . . 1 4 9 10 4 Ballistic Cannon 2 | . 11 8 . . . . . 10 . . 1 . 1 . . . Slashing Weapon 4 | . . . . . . 2 13 2 15 7 9 5 2 . . . Naked Turns . | . . . . . . . . . . . . . . . . . Heaviest Build 108 | 12 46 46 72 73 87 83 82 95 86 86 105 108 105 94 103 99 Greatest Support 50 | 26 26 26 26 32 32 40 40 48 48 50 50 24 40 46 46 46 Greatest Overweight (x) 26 | . 1 1 2 4 7 3 23 9 2 2 8 8 26 19 2 21 Average Overweight (x) 3 | . . 1 1 2 3 1 7 2 1 1 7 4 3 1 1 2 Largest Inventory Capacity 20 | 6 12 12 20 20 20 20 20 20 20 20 20 20 20 20 20 20 Average Capacity 18 | 5 6 12 19 20 20 20 20 20 20 20 20 20 20 13 19 20 Most Carried 20 | 6 8 12 17 20 20 17 18 20 20 20 20 20 20 14 12 12 Average Carried 15 | 3 6 11 15 18 17 14 14 18 19 18 18 17 16 11 11 8 Final Capacity 20 | 6 12 12 20 20 20 20 20 20 20 20 20 20 20 12 20 20 Final Carried 20 | 6 8 12 17 20 16 16 18 18 20 20 14 20 13 12 11 6 Class Distribution -------------------- 35% | Bothacker-Mutant 35% | Hauler-Mutant 14% | Botlord-Mutant 8% | Scavenger-Mutant 6% | Mutant Dominant Class ---------------- Mutant | -10/Materials Mutant | -10/Mines Hauler-Mutant | -10/Exiles Hauler-Mutant | -9/Mines Hauler-Mutant | -8/Materials Hauler-Mutant | -8/Garrison Hauler-Mutant | -7/Factory Hauler-Mutant | -7/Garrison Hauler-Mutant | -7/Factory Bothacker-Mutant | -7/Garrison Bothacker-Mutant | -6/Factory Bothacker-Mutant | -6/Garrison Botlord-Mutant | -5/Factory Bothacker-Mutant | -5/Garrison Botlord-Mutant | -5/Factory Botlord-Mutant | -5/Garrison Resources | -11 -10 -10 -10 -9 -8 -8 -7 -7 -7 -7 -6 -6 -5 -5 -5 -5 ----------- Run | Scr Mat Min Exi Min Mat Gar Fac Gar Fac Gar Fac Gar Fac Gar Fac Gar Matter Collected 5838 | 255 153 268 . 127 320 366 154 904 110 377 390 530 795 927 66 96 Remotely . | . . . . . . . . . . . . . . . . . Salvage Created 6693 | . 251 80 . 255 798 646 383 812 179 168 29 1073 1285 623 18 93 Parts 354 | . 15 13 . 11 57 32 21 38 12 11 1 34 76 28 2 3 Haulers Intercepted 1 | . 1 . . . . . . . . . . . . . . . Recyclers Shooed 2 | . . . . . 1 . . . . . . . 1 . . . Parts Field Recycled . | . . . . . . . . . . . . . . . . . Retrieved Matter . | . . . . . . . . . . . . . . . . . Parts Self-Destructed . | . . . . . . . . . . . . . . . . . Prevented . | . . . . . . . . . . . . . . . . . Kills | -11 -10 -10 -10 -9 -8 -8 -7 -7 -7 -7 -6 -6 -5 -5 -5 -5 ------- Run | Scr Mat Min Exi Min Mat Gar Fac Gar Fac Gar Fac Gar Fac Gar Fac Gar Combat Hostiles Destroyed 152 | . 7 7 . 10 21 19 6 23 3 6 1 11 20 16 . 2 Melee 14 | . . . . . . . 4 4 3 1 1 1 . . . . Guns 69 | . 3 1 . 1 16 11 2 4 . . . 3 16 11 . 1 Cannons 17 | . 4 . . . . . . 10 . . . 2 1 . . . AOE 51 | . . 6 . 9 5 8 . 5 . 5 . 5 2 5 . 1 Classes Destroyed 15 | . 2 2 . 3 3 . 2 2 . . . . 1 . . . Worker 4 | . . . . 1 2 . . . . . . . 1 . . . Builder 7 | . . . . . 2 . 1 . . . . . 4 . . . Tunneler 1 | . . . . . . . . . . . . . 1 . . . Hauler 1 | . 1 . . . . . . . . . . . . . . . Recycler 3 | . . . . 2 1 . . . . . . . . . . . Operator 3 | . . . . . . . 1 . 1 . . . . . 1 . Watcher 4 | . . . . . 1 . . . . . . . 3 . . . Swarmer 40 | . . 6 . 3 10 3 . . . 2 1 8 . 7 . . Grunt 62 | . 7 . . 3 6 13 1 14 3 4 . 1 4 6 . . Brawler 3 | . . . . . . . . 2 . 1 . . . . . . Duelist 2 | . . . . . . . . 2 . . . . . . . . Sentry 23 | . . 1 . . 4 3 3 4 . . . 2 4 2 . . Hunter 8 | . . . . . 1 . . 1 . . . . 4 . . 2 Programmer 12 | . . . . . . . 2 . . . . 1 8 1 . . Assembled 4 | . . . . 4 . . . . . . . . . . . . Best Kill Streak 8 | . 3 4 . 6 7 6 1 5 3 5 1 4 8 4 1 2 Combat Bots Only 6 | . 3 4 . 4 5 6 1 5 3 5 1 4 6 4 . 2 Max Kills in Single Turn 3 | . 1 3 . 3 3 2 1 2 1 2 1 2 2 2 1 1 Gunslinging . | . . . . . . . . . . . . . . . . . Exploded 3 | . . 3 . 3 2 2 . 2 . 2 . 2 1 2 . 1 Melee 1 | . . . . . . . 1 1 1 1 1 1 . . . . Uniques/NPCs Destroyed . | . . . . . . . . . . . . . . . . . Combat | -11 -10 -10 -10 -9 -8 -8 -7 -7 -7 -7 -6 -6 -5 -5 -5 -5 -------- Run | Scr Mat Min Exi Min Mat Gar Fac Gar Fac Gar Fac Gar Fac Gar Fac Gar Damage Taken 13244 | . 300 222 . 259 917 1208 831 1617 144 346 1017 623 3305 1129 332 994 Core 2125 | . 33 8 . 63 31 158 148 291 42 39 263 48 571 37 18 375 Absorbed by Shields 184 | . . . . . . . 75 73 . . . 36 . . . . Core Remaining (%) 62 | 100 . . . 58 . 65 . . . 25 . 63 . . . . Volleys Fired 456 | . 44 10 . 11 45 37 16 66 . 7 34 37 64 50 15 20 Largest 2 | . 2 2 . 2 2 2 2 2 . 2 1 2 2 2 2 1 Hottest 118 | . 70 70 . 70 110 105 78 96 . 76 53 81 118 66 61 46 Shots Fired 853 | . 88 16 . 12 89 80 32 124 . 8 34 47 183 97 22 21 Gun 527 | . 50 8 . 3 89 72 32 20 . 1 . 10 133 83 14 12 Cannon 190 | . 38 4 . . . . . 93 . 1 10 7 37 . . . Launcher 70 | . . 4 . 9 . 8 . 11 . 6 . 14 6 5 . 7 Special 66 | . . . . . . . . . . . 24 16 7 9 8 2 Kinetic 618 | . 82 10 . 2 40 46 28 113 . 2 10 17 159 83 14 12 Thermal 15 | . 6 2 . 1 . 6 . . . . . . . . . . Explosive 46 | . . 4 . 9 . 8 . 11 . 6 . . 2 4 . 2 Electromagnetic 108 | . . . . . 49 20 4 . . . . 14 15 1 . 5 Robot Hit Streak 21 | . 6 6 . 3 19 20 18 21 . 3 6 16 20 18 7 14 Robot Miss Streak 6 | . 3 3 . 3 5 1 2 6 . 2 4 2 5 3 1 1 Penetration Max 1 | . . . . . . . . . . . . . 1 1 . 1 Secondary Targets 3 | . . . . . 3 . . . . . . . . . . . Max Gunslinging Chain 1 | . . . . . 1 . . . . . . . . . . . Autonomous 114 | . . . . . . 19 . . . . . 5 73 17 . . Shots Hit Robots 682 | . 53 9 . 3 65 67 44 98 8 19 31 63 134 59 14 15 Core Hits 356 | . 22 10 . 21 43 42 13 61 4 20 1 29 55 27 3 5 Critical Hits 14 | . . . . . . 1 1 2 1 . . 2 5 2 . . Critical Kills 3 | . . . . . . . . . 1 . . 1 . 1 . . Critical Parts Destroyed 11 | . . . . . . 1 1 2 . . . 1 5 1 . . Melee Attacks 179 | . . . . . 2 8 27 17 16 23 17 41 28 . . . Impact . | . . . . . . . . . . . . . . . . . Slashing 156 | . . . . . 2 3 27 17 16 9 14 40 28 . . . Piercing . | . . . . . . . . . . . . . . . . . Sneak Attacks 13 | . . . . . . . 3 . 1 2 1 6 . . . . Combat Hostiles 3 | . . . . . . . . . . 1 1 1 . . . . Follow-up Attacks 9 | . . . . . . . 3 3 1 . 2 . . . . . Damage Inflicted 21841 | . 617 384 . 541 1312 2197 1365 3263 409 903 382 3982 3863 1946 189 488 Guns 7695 | . 289 49 . 7 858 1066 383 383 . 20 . 181 2880 1244 181 154 Cannons 2899 | . 328 32 . . . . . 1573 . . 214 140 612 . . . Explosions 5456 | . . 303 . 534 444 1131 . 906 . 571 . 361 170 702 . 334 Melee 5728 | . . . . . . . 982 401 409 312 168 3300 156 . . . Ramming 63 | . . . . . 10 . . . . . . . 45 . 8 . Kinetic 9865 | . 592 56 . 7 588 820 335 1956 . 20 214 321 3377 1244 181 154 Thermal 805 | . 25 25 . . 444 182 . . . . . 129 . . . . Explosive 4268 | . . 303 . 534 . 1028 . 906 . 571 . . 84 702 . 140 Electromagnetic 1112 | . . . . . 270 167 48 . . . . 232 201 . . 194 Impact . | . . . . . . . . . . . . . . . . . Slashing 5728 | . . . . . . . 982 401 409 312 168 3300 156 . . . Piercing . | . . . . . . . . . . . . . . . . . Highest Corruption 20 | . 1 1 1 1 . . 1 12 12 15 1 1 16 19 19 20 Average Corruption 8 | . 1 1 1 1 . . 1 2 12 12 1 1 10 18 19 19 Corruption Purged . | . . . . . . . . . . . . . . . . . Effects 337 | . . 1 5 2 . . . 26 19 55 . 6 60 124 27 12 Message Errors 63 | . . . 3 . . . . 5 2 10 . 3 18 19 2 1 Matter Fused 56 | . . . . . . . . 3 2 13 . . 7 24 5 2 Heat Flow Errors 31 | . . . . . . . . 3 2 5 . . 5 14 2 . Energy Discharges 40 | . . 1 1 . . . . 1 2 8 . 1 2 15 6 3 Parts Rejected 5 | . . . . . . . . . . 1 . . 2 2 . . Data Loss (minor) 28 | . . . 1 2 . . . 4 3 6 . 2 1 7 2 . Data Loss (major) 13 | . . . . . . . . 1 2 . . . 3 5 1 1 Misfires 11 | . . . . . . . . 3 . . . . 2 2 2 2 Alerts 4 | . . . . . . . . 1 . 2 . . . 1 . . Misdirections 29 | . . . . . . . . 2 2 7 . . 5 11 2 . Targeting Errors 50 | . . . . . . . . 3 4 3 . . 15 19 4 2 Weapon Failures 7 | . . . . . . . . . . . . . . 5 1 1 Overload Shots . | . . . . . . . . . . . . . . . . . Overflow Damage 717 | . . . . . 37 56 180 57 54 20 59 222 1 31 . . Projectiles 66 | . . . . . . . . 32 . . 23 10 1 . . . Explosions 161 | . . . . . 37 56 . 25 . . . 12 . 31 . . Melee 490 | . . . . . . . 180 . 54 20 36 200 . . . . Knockbacks 26 | . 3 . . . . . . 14 . . . . 9 . . . Impact . | . . . . . . . . . . . . . . . . . Kinetic 26 | . 3 . . . . . . 14 . . . . 9 . . . Secondary . | . . . . . . . . . . . . . . . . . Self-Inflicted Damage 552 | . . . . 95 106 87 . 5 . 25 . 50 44 121 . 19 Shots 18 | . . . . 3 2 2 . 1 . 1 . 5 1 2 . 1 Rammed 5 | . . . . . 1 . . . . . . . 3 . 1 . Targets Rammed 5 | . . . . . 1 . . . . . . . 3 . 1 . Kicked . | . . . . . . . . . . . . . . . . . Crushed . | . . . . . . . . . . . . . . . . . Highest Temperature 349 | . 108 77 . 51 349 41 . 267 233 248 86 30 250 254 259 12 Average Temperature 65 | . 41 30 . 21 92 13 . 72 116 101 27 12 61 86 82 12 Received Heat Transfer 2540 | . 168 27 . 73 252 522 241 414 54 27 177 96 243 162 72 12 Effects 8 | . . . . . 8 . . . . . . . . . . . Energy Bleed 4 | . . . . . 4 . . . . . . . . . . . Interference 4 | . . . . . 4 . . . . . . . . . . . Siege Activations . | . . . . . . . . . . . . . . . . . Robots Corrupted . | . . . . . . . . . . . . . . . . . Combat Hostiles . | . . . . . . . . . . . . . . . . . Parts Fried 3 | . . . . . . 1 . . . . . 1 . . . 1 Impact Corruptions . | . . . . . . . . . . . . . . . . . Robots Melted . | . . . . . . . . . . . . . . . . . Combat Hostiles . | . . . . . . . . . . . . . . . . . Parts Melted 2 | . . . . . . . . . . . . . 1 1 . . Heat Transferred 1183 | . 74 74 . . 550 235 . . . . . 250 . . . . Parts Sabotaged . | . . . . . . . . . . . . . . . . . Parts Stolen . | . . . . . . . . . . . . . . . . . Parts Stripped . | . . . . . . . . . . . . . . . . . Power Chain Reactions 9 | . . . . . 4 1 . . . . . 3 1 . . . Missiles Intercepted . | . . . . . . . . . . . . . . . . . Alert | -11 -10 -10 -10 -9 -8 -8 -7 -7 -7 -7 -6 -6 -5 -5 -5 -5 ------- Run | Scr Mat Min Exi Min Mat Gar Fac Gar Fac Gar Fac Gar Fac Gar Fac Gar Peak Influence 988 | . 327 157 . 164 361 754 441 874 553 697 410 749 541 988 544 252 Initial 518 | . . 49 . . . 234 395 163 458 247 365 24 392 378 518 198 Average 401 | . 177 110 . 76 181 614 323 602 487 497 160 478 317 705 506 217 Maximum Alert Level 3 | . 1 . . . 1 3 2 3 2 2 2 3 2 3 2 1 Low Security (%) 26 | 100 50 100 . 100 54 . 3 3 . . 74 16 18 . . 25 Level 1 24 | . 49 . . . 45 6 63 15 . 39 17 16 45 2 10 74 Level 2 32 | . . . . . . 64 32 32 100 60 7 39 36 37 89 . Level 3 16 | . . . . . . 28 . 48 . . . 27 . 59 . . Level 4 . | . . . . . . . . . . . . . . . . . Level 5 . | . . . . . . . . . . . . . . . . . High Security . | . . . . . . . . . . . . . . . . . Max Security . | . . . . . . . . . . . . . . . . . Squads Dispatched 29 | . 2 . . . 2 . 3 . 1 . 6 . 11 . 4 . Investigation 5 | . . . . . 2 . . . . . 1 . 2 . . . Extermination 9 | . . . . . . . 1 . . . 4 . 4 . . . Reinforcement 11 | . 2 . . . . . 1 . 1 . 1 . 4 . 2 . Assault . | . . . . . . . . . . . . . . . . . Garrison 4 | . . . . . . . 1 . . . . . 1 . 2 . Intercept . | . . . . . . . . . . . . . . . . . Construction Impeded 1 | . . . . . . . . . . . . . 1 . . . Haulers Reinforced 1 | . . . . . . . . . . . 1 . . . . . Stealth | -11 -10 -10 -10 -9 -8 -8 -7 -7 -7 -7 -6 -6 -5 -5 -5 -5 --------- Run | Scr Mat Min Exi Min Mat Gar Fac Gar Fac Gar Fac Gar Fac Gar Fac Gar Distress Signals 7 | . 1 . . . 3 . 1 . . . 1 . 1 . . . Communications Jammed . | . . . . . . . . . . . . . . . . . Distress Signals . | . . . . . . . . . . . . . . . . . Times Spotted 289 | . 18 8 . 12 36 28 10 25 4 22 27 21 39 24 8 7 Peak Tracking Total 7 | . 5 3 . 4 6 7 3 4 3 4 4 5 5 4 2 6 Tactical Retreats 20 | . 1 . . 1 3 6 . 5 . . 1 1 1 1 . . Traps | -11 -10 -10 -10 -9 -8 -8 -7 -7 -7 -7 -6 -6 -5 -5 -5 -5 ------- Run | Scr Mat Min Exi Min Mat Gar Fac Gar Fac Gar Fac Gar Fac Gar Fac Gar Traps Triggered 64 | . 1 . . . 2 14 2 11 1 8 2 11 1 11 . . Indirectly . | . . . . . . . . . . . . . . . . . Trap Hack Attempts 1 | . . . . . . . . . . 1 . . . . . . Triggered . | . . . . . . . . . . . . . . . . . Disarmed . | . . . . . . . . . . . . . . . . . Reprogrammed . | . . . . . . . . . . . . . . . . . Reused 1 | . . . . . 1 . . . . . . . . . . . Traps Extracted . | . . . . . . . . . . . . . . . . . Installed 2 | . . . . . 2 . . . . . . . . . . . Triggered 2 | . . . . . 1 . . . . . . . 1 . . . Exploded 3 | . . . . . 3 . . . . . . . . . . . Machines | -11 -10 -10 -10 -9 -8 -8 -7 -7 -7 -7 -6 -6 -5 -5 -5 -5 ---------- Run | Scr Mat Min Exi Min Mat Gar Fac Gar Fac Gar Fac Gar Fac Gar Fac Gar Machines Disabled 36 | . 2 3 . . 2 6 . 2 . 3 1 6 6 5 . . Max in Single Turn 3 | . 1 1 . . 1 2 . 1 . 1 . 2 3 2 . . Garrison Relay 15 | . . . . . . 3 . 2 . 3 . 4 . 3 . . Machines Sabotaged . | . . . . . . . . . . . . . . . . . Garrisons Compromised . | . . . . . . . . . . . . . . . . . Overloaded Fab Kills . | . . . . . . . . . . . . . . . . . Fab Network Shutdowns . | . . . . . . . . . . . . . . . . . Hacking | -11 -10 -10 -10 -9 -8 -8 -7 -7 -7 -7 -6 -6 -5 -5 -5 -5 --------- Run | Scr Mat Min Exi Min Mat Gar Fac Gar Fac Gar Fac Gar Fac Gar Fac Gar Machines Accessed 21 | . 1 . 1 . 4 . 2 . 2 . 7 . 3 . 1 . Terminals 11 | . 1 . . . 3 . 1 . 1 . 4 . 1 . . . Fabricators 2 | . . . . . . . . . . . 1 . 1 . . . Repair Stations 1 | . . . . . . . . . . . 1 . . . . . Recycling Units . | . . . . . . . . . . . . . . . . . Scanalyzers . | . . . . . . . . . . . . . . . . . Garrison Access 6 | . . . . . 1 . 1 . 1 . 1 . 1 . 1 . Total Hacks 39 | . 2 . 1 . 6 . 3 . 2 . 18 . 6 . 1 . Successful 19 | . . . 1 . 4 . 1 . 1 . 9 . 2 . 1 . Failed 20 | . 2 . . . 2 . 2 . 1 . 9 . 4 . . . Catastrophic 3 | . . . . . 1 . 1 . 1 . . . . . . . Database Lockouts . | . . . . . . . . . . . . . . . . . Manual 26 | . 2 . 1 . 5 . 2 . 1 . 13 . 2 . . . Terminals 25 | . 2 . . . 5 . 2 . 1 . 13 . 2 . . . Fabricators 5 | . . . . . . . . . . . 2 . 3 . . . Repair Stations 2 | . . . . . . . . . . . 2 . . . . . Recycling Units . | . . . . . . . . . . . . . . . . . Scanalyzers . | . . . . . . . . . . . . . . . . . Garrison Access 6 | . . . . . 1 . 1 . 1 . 1 . 1 . 1 . Terminal Hacks 3 | . . . 1 . 1 . . . . . 1 . . . . . Prototype ID Bank 1 | . . . . . 1 . . . . . . . . . . . Unreport Threat 1 | . . . . . . . . . . . 1 . . . . . EX-Prototype ID Bank 1 | . . . 1 . . . . . . . . . . . . . Fabricator Hacks 3 | . . . . . . . . . . . 2 . 1 . . . Network Status 3 | . . . . . . . . . . . 2 . 1 . . . Repair Station Hacks 2 | . . . . . . . . . . . 2 . . . . . Scan Component 1 | . . . . . . . . . . . 1 . . . . . Repair 1 | . . . . . . . . . . . 1 . . . . . Recycling Unit Hacks . | . . . . . . . . . . . . . . . . . Scanalyzer . | . . . . . . . . . . . . . . . . . Garrison Access Hacks 6 | . . . . . 1 . 1 . 1 . 1 . 1 . 1 . Unlock Access 6 | . . . . . 1 . 1 . 1 . 1 . 1 . 1 . Unauthorized Hacks 5 | . . . . . 2 . . . . . 3 . . . . . Terminals 5 | . . . . . 2 . . . . . 3 . . . . . Botnet 5 | . . . . . 2 . . . . . 3 . . . . . Fabricators . | . . . . . . . . . . . . . . . . . Repair Stations . | . . . . . . . . . . . . . . . . . Recycling Units . | . . . . . . . . . . . . . . . . . Scanalyzers . | . . . . . . . . . . . . . . . . . Garrison Access . | . . . . . . . . . . . . . . . . . Data Cores Recovered . | . . . . . . . . . . . . . . . . . Used . | . . . . . . . . . . . . . . . . . Hacking Detections 13 | . 1 . . . 3 . 1 . 1 . 4 . 3 . . . Full Trace Events . | . . . . . . . . . . . . . . . . . Feedback Events . | . . . . . . . . . . . . . . . . . Feedback Blocked . | . . . . . . . . . . . . . . . . . Robot Schematics Acquired . | . . . . . . . . . . . . . . . . . Robots Built . | . . . . . . . . . . . . . . . . . Matter . | . . . . . . . . . . . . . . . . . Time . | . . . . . . . . . . . . . . . . . Total Robot Build Rating . | . . . . . . . . . . . . . . . . . Part Schematics Acquired . | . . . . . . . . . . . . . . . . . Parts Built . | . . . . . . . . . . . . . . . . . Matter . | . . . . . . . . . . . . . . . . . Time . | . . . . . . . . . . . . . . . . . Total Part Build Rating . | . . . . . . . . . . . . . . . . . Parts Repaired 1 | . . . . . . . . . . . 1 . . . . . Time 22 | . . . . . . . . . . . 22 . . . . . Parts Recycled . | . . . . . . . . . . . . . . . . . Recycled Matter . | . . . . . . . . . . . . . . . . . Retrieved Matter . | . . . . . . . . . . . . . . . . . Retrieved Components . | . . . . . . . . . . . . . . . . . Parts Scanalyzed . | . . . . . . . . . . . . . . . . . Part Schematics Acquired . | . . . . . . . . . . . . . . . . . Parts Damaged . | . . . . . . . . . . . . . . . . . Bothacking | -11 -10 -10 -10 -9 -8 -8 -7 -7 -7 -7 -6 -6 -5 -5 -5 -5 ------------ Run | Scr Mat Min Exi Min Mat Gar Fac Gar Fac Gar Fac Gar Fac Gar Fac Gar Used RIF Installer 5 | . . . . . . 1 . 1 . 1 . 1 . 1 . . Hotswap 1 | . . . . . . . . . . . . 1 . . . . Watcher Feeds 1 | . . . . . . . . 1 . . . . . . . . Autooverride 2 | . . . . . . . . . . 1 . . . 1 . . Robots Hacked 47 | . . . . . . 3 . . . 9 10 10 2 7 5 1 Non-combat 2 | . . . . . . . . . . . . . 1 . 1 . Combat 45 | . . . . . . 3 . . . 9 10 10 1 7 4 1 Autooverrided 9 | . . . . . . . . . . . . 2 . 3 3 1 Robot Hacks Applied 41 | . . . . . . 3 . . . 9 11 8 2 5 2 1 reprogram_traps 1 | . . . . . . . . . . . . . 1 . . . scatter_targeting 1 | . . . . . . . . . . 1 . . . . . . disable_weapons 1 | . . . . . . . . . . . . . . 1 . . go_dormant 1 | . . . . . . . . . . . . . . 1 . . streamctrl_high 7 | . . . . . . 1 . . . 3 . 2 . 1 . . formatsys_low 1 | . . . . . . . . . . . . . . . 1 . formatsys_high 29 | . . . . . . 2 . . . 5 11 6 1 2 1 1 Relay Couplers Released 55 | . . . . . . 11 . 7 . 12 . 14 . 11 . . Machine Destruction 55 | . . . . . . 11 . 7 . 12 . 14 . 11 . . Attached 29 | . . . . . . 1 . 1 . 7 7 3 3 4 1 2 Robots Rewired 2 | . . . . . 1 . . . . . 1 . . . . . Allies Hacked 2 | . . . . . . . . . . . 2 . . . . . Hacks Repelled . | . . . . . . . . . . . . . . . . . Allies | -11 -10 -10 -10 -9 -8 -8 -7 -7 -7 -7 -6 -6 -5 -5 -5 -5 -------- Run | Scr Mat Min Exi Min Mat Gar Fac Gar Fac Gar Fac Gar Fac Gar Fac Gar Total Allies 49 | . . 2 . 1 1 3 . . . 8 11 10 1 6 5 1 Largest Group 6 | . . 2 2 1 1 3 . . . 4 6 4 4 3 2 1 Highest-Rated Group 170 | . . 45 45 31 31 48 . . . 99 170 140 122 87 58 81 Highest-Rated Ally 81 | . . 31 31 31 31 17 . . . 38 41 47 32 49 29 81 Total Orders 14 | . . . . . . 1 . . . . 8 5 . . . . STAY 7 | . . . . . . . . . . . 4 3 . . . . FOLLOW 7 | . . . . . . 1 . . . . 4 2 . . . . Ally Attacks 257 | . . 6 . 3 . 7 . . . 37 86 31 18 47 15 7 Total Damage 5388 | . . 43 . 41 . 85 . . . 681 1933 673 444 936 227 325 Kills 45 | . . 1 . . . . . . . 10 17 7 3 5 1 1 Allies Corrupted 1 | . . . . . . . . . . . 1 . . . . . Allies Melted . | . . . . . . . . . . . . . . . . . Intel | -11 -10 -10 -10 -9 -8 -8 -7 -7 -7 -7 -6 -6 -5 -5 -5 -5 ------- Run | Scr Mat Min Exi Min Mat Gar Fac Gar Fac Gar Fac Gar Fac Gar Fac Gar Robot Analysis Total . | . . . . . . . . . . . . . . . . . Derelict Logs Recovered 3 | . . 3 . . . . . . . . . . . . . . Drone Launches . | . . . . . . . . . . . . . . . . . Drone Recoveries . | . . . . . . . . . . . . . . . . . Exploration | -11 -10 -10 -10 -9 -8 -8 -7 -7 -7 -7 -6 -6 -5 -5 -5 -5 ------------- Run | Scr Mat Min Exi Min Mat Gar Fac Gar Fac Gar Fac Gar Fac Gar Fac Gar Turns Passed 18816 | 66 400 663 473 418 1572 1727 1139 2005 400 1172 2377 1642 2235 1898 449 180 Spaces Moved 10096 | 63 281 556 427 265 1015 828 574 863 163 565 1137 951 1319 883 149 57 Core 26 | 16 . . . . . . 3 . . . . . 4 2 . 1 Treads 3006 | . . . . . . 788 42 724 163 565 10 . . 509 149 56 Legs 566 | . . . . . . . . . . . . . 194 372 . . Wheels 6498 | 47 281 556 427 265 1015 40 529 139 . . 1127 951 1121 . . . Hover . | . . . . . . . . . . . . . . . . . Flight . | . . . . . . . . . . . . . . . . . Fastest Speed 50 | 50 90 100 100 120 110 110 140 160 180 172 150 120 120 120 180 200 Average Speed 148 | 80 90 100 109 120 118 177 165 182 183 174 166 131 133 177 197 219 Slowest Speed 1350 | 100 100 100 110 140 150 220 1200 220 200 200 172 170 1350 1000 200 1100 Overloaded Moves . | . . . . . . . . . . . . . . . . . Propulsion Burnouts . | . . . . . . . . . . . . . . . . . Robots Hopped . | . . . . . . . . . . . . . . . . . Cave-ins Triggered . | . . . . . . . . . . . . . . . . . Exploration Rate (%) 47 | 4 47 98 77 62 76 84 13 56 4 73 31 62 36 56 5 29 Regions Visited 16 Branch Regions 3 Pre-discovered Areas 2 | . . 2 . . . . . . . . . . . . . . Known Exits Taken 6 | . . . . . 1 . 1 . 1 . 1 . 1 . 1 . Unknown Exits Taken 5 | 1 1 1 1 1 . . . . . . . . . . . . Scrap Searched 4 | . . 2 . 2 . . . . . . . . . . . . Spaces Dug 62 | . . . . . 1 . 3 . 5 . 8 . 20 25 . . Terrain Destroyed 395 | . . 22 . 57 27 28 3 65 5 24 10 2 75 38 . 39 Melee 37 | . . . . . 1 . 3 . 5 . 8 . 20 . . . Projectile 46 | . . . . . . 2 . 5 . . 2 . 30 6 . 1 AOE 312 | . . 22 . 57 26 26 . 60 . 24 . 2 25 32 . 38 Terrain Rammed . | . . . . . . . . . . . . . . . . . Walls Destroyed . | . . . . . . . . . . . . . . . . . Machines Disabled . | . . . . . . . . . . . . . . . . . Actions | -11 -10 -10 -10 -9 -8 -8 -7 -7 -7 -7 -6 -6 -5 -5 -5 -5 --------- Run | Scr Mat Min Exi Min Mat Gar Fac Gar Fac Gar Fac Gar Fac Gar Fac Gar Total 12938 | 75 347 645 431 352 1293 1015 693 1144 242 720 1570 1246 1642 1140 283 100 Wait 1469 | . 9 69 . 65 183 54 47 98 58 67 326 88 168 118 108 11 Move 10085 | 62 280 555 426 264 1015 827 574 862 163 564 1136 950 1319 882 149 57 Hop . | . . . . . . . . . . . . . . . . . Pick Up 123 | 7 6 5 4 7 14 14 7 7 4 11 7 12 8 10 . . Fast Attach 53 | 5 1 1 . . 3 4 4 6 . 2 2 2 7 15 1 . Attach 109 | 1 . 1 . 3 10 15 5 4 . 5 7 8 21 19 2 8 Detach 33 | . . . . . . 4 . 1 . . . 5 7 11 1 4 Swap 108 | . 2 4 1 1 8 7 2 10 1 14 22 14 14 2 6 . Drop 51 | . 5 . . 1 9 3 . 6 2 5 3 3 3 11 . . Fire 456 | . 44 10 . 11 45 37 16 66 . 7 34 37 64 50 15 20 Melee 166 | . . . . . 2 8 22 14 14 23 14 41 28 . . . Ram 4 | . . . . . 1 . . . . . . . 3 . . . Kick . | . . . . . . . . . . . . . . . . . Crush 1 | . . . . . . . . . . . . . . . 1 . Escape Stasis 265 | . . . . . . 40 16 70 . 16 16 85 . 22 . . Rewire 12 | . . . . . 1 2 . . . 5 3 1 . . . . Trap 3 | . . . . . 2 . . . . 1 . . . . . . Miscellaneous . | . . . . . . . . . . . . . . . . . Route ------- -11/Scrapyard -10/Materials (discovered 2 exits: [*Mat] / [*Min]) -10/Mines (discovered 3 exits: [*Mat x2] / *Exi) -10/Exiles -9/Mines -8/Materials (discovered 5 exits: *Fac x3 / Sto / Gar) -8/Garrison (discovered 3 exits: *Fac x3) -7/Factory -7/Garrison -7/Factory -7/Garrison (discovered 3 exits: *Fac x3) -6/Factory (discovered 4 exits: *Fac / [*Low x2] / Gar) -6/Garrison (discovered 3 exits: *Fac x3) -5/Factory (discovered 3 exits: [*Fac] / [*Ext] / Gar) -5/Garrison (discovered 2 exits: *Fac x2) -5/Factory -5/Garrison History --------- Turn | Location | Event 2 | -11/Scrapyard | Met Revision 17 5 | -11/Scrapyard | Discovered new exit (range 15) 67 | -11/Scrapyard | Entered Materials 294 | -10/Materials | Discovered new exit (range 15) 330 | -10/Materials | Build established: Mutant 419 | -10/Materials | Discovered new exit (range 16) 467 | -10/Materials | Entered Mines 532 | -10/Mines | Met a Derelict bent on vengeance 535 | -10/Mines | Discovered new exit (range 10) 538 | -10/Mines | Found a hidden stash of uninstalled traps 662 | -10/Mines | Discovered new exit (range 3) 687 | -10/Mines | Learned Materials emergency access door positions 694 | -10/Mines | Learned location of Storage (-8) 1101 | -10/Mines | Deemed a non-threat by the Exiles lab entrance 1102 | -10/Mines | Discovered new exit (range 5) 1130 | -10/Mines | Entered Exiles 1130 | -10/Exiles | Accompanied by 2 allies 1160 | -10/Exiles | Led the pair of lost Derelicts to a safe place 1163 | -10/Exiles | Met 8R-AWN 1181 | -10/Exiles | Met EX-HEX 1245 | -10/Exiles | Met EX-DEC 1272 | -10/Exiles | Visited The Gauntlet 1348 | -10/Exiles | Discovered new exit (range 14) 1449 | -10/Exiles | Met EX-BIN 1453 | -10/Exiles | Build established: Hauler-Mutant 1461 | -10/Exiles | Aligned with FarCom system 1462 | -10/Exiles | Given EX-Vault access code 1491 | -10/Exiles | Opened EX-Vault 1496 | -10/Exiles | Found AWS/Gauss 1519 | -10/Exiles | Warned to stay clear of 0b10 Research branches 1603 | -10/Exiles | Left Exiles lab with AWS/Gauss 1603 | -10/Exiles | Entered Mines 1604 | -9/Mines | Assembled infested the area 1873 | -9/Mines | Received a Mining Laser from a helpful Derelict 2007 | -9/Mines | Discovered new exit (range 7) 2021 | -9/Mines | Entered Materials 2021 | -8/Materials | Accompanied by 1 ally 2021 | -8/Materials | Evolved 4 slots: Utility x4 2022 | -8/Materials | Identified exit to Storage 2361 | -8/Materials | Discovered new exit (range 14) 2989 | -8/Materials | Lost 3 parts (1p1n1u) 3075 | -8/Materials | Discovered new exit (range 16) 3408 | -8/Materials | Lost 4 parts (1n2u1w) 3575 | -8/Materials | Discovered new exit (range 15) 3593 | -8/Materials | Identified exit to Garrison 3593 | -8/Materials | Entered Garrison 3593 | -8/Garrison | Accompanied by 1 ally 3655 | -8/Garrison | Triggered checkpoint 3720 | -8/Garrison | Lost 8 parts (2p2n4w) 3728 | -8/Garrison | Triggered checkpoint 3728 | -8/Garrison | Triggered checkpoint 3903 | -8/Garrison | Discovered new exit (range 8) 3934 | -8/Garrison | Installed Relay Interface Framework 3965 | -8/Garrison | Triggered checkpoint 4038 | -8/Garrison | Garrison Relay disabled 4075 | -8/Garrison | Build established: Scavenger-Mutant 4269 | -8/Garrison | Discovered new exit (range 15) 4338 | -8/Garrison | Triggered checkpoint 4388 | -8/Garrison | Garrison Relay disabled 4513 | -8/Garrison | Discovered new exit (range 12) 4610 | -8/Garrison | Triggered checkpoint 4687 | -8/Garrison | Build established: Bothacker-Mutant 4813 | -8/Garrison | Lost 3 parts (1n1u1w) 5034 | -8/Garrison | Garrison Relay disabled 5320 | -8/Garrison | Entered Factory 5320 | -7/Factory | Evolved 2 slots: Utility x2 5424 | -7/Factory | Garrison activated, responded to threat 5514 | -7/Factory | Lost 4 parts (1p1n1u1w) 5733 | -7/Factory | Build established: Hauler-Mutant 6459 | -7/Factory | Identified exit to Garrison 6459 | -7/Factory | Entered Garrison 6544 | -7/Garrison | Triggered checkpoint 6604 | -7/Garrison | Garrison Relay disabled 6724 | -7/Garrison | Triggered checkpoint 7139 | -7/Garrison | Triggered checkpoint 7478 | -7/Garrison | Triggered checkpoint 7486 | -7/Garrison | Garrison Relay disabled 7644 | -7/Garrison | Triggered checkpoint 7670 | -7/Garrison | Discovered new exit (range 17) 7721 | -7/Garrison | Expanded RIF knowledge: Patrol Navigation 8026 | -7/Garrison | Core integrity fell below 50% 8096 | -7/Garrison | Lost 4 parts (1n2u1w) 8163 | -7/Garrison | System corruption reached 10% 8464 | -7/Garrison | Entered Factory 8474 | -7/Factory | Build established: Scavenger-Mutant 8864 | -7/Factory | Identified exit to Garrison 8864 | -7/Factory | Entered Garrison 8896 | -7/Garrison | Triggered checkpoint 8979 | -7/Garrison | Garrison Relay disabled 9029 | -7/Garrison | Build established: Bothacker-Mutant 9096 | -7/Garrison | Triggered checkpoint 9116 | -7/Garrison | Triggered checkpoint 9196 | -7/Garrison | Discovered new exit (range 19) 9321 | -7/Garrison | Triggered checkpoint 9476 | -7/Garrison | Triggered checkpoint 9510 | -7/Garrison | Garrison Relay disabled 9589 | -7/Garrison | Discovered new exit (range 10) 9617 | -7/Garrison | Expanded RIF knowledge: Autooverride 9704 | -7/Garrison | Triggered checkpoint 9834 | -7/Garrison | Discovered new exit (range 21) 9914 | -7/Garrison | Triggered checkpoint 9947 | -7/Garrison | Garrison Relay disabled 10036 | -7/Garrison | Entered Factory 10036 | -6/Factory | Accompanied by 4 allies 10036 | -6/Factory | Evolved 2 slots: Utility x2 10065 | -6/Factory | Discovered new exit (range 11) 10936 | -6/Factory | Discovered new exit (range 18) 11211 | -6/Factory | Repaired Remote Datajack 11677 | -6/Factory | Discovered new exit (range 9) 12370 | -6/Factory | P-60 Hacker assimilated allied Soldier 5e 12402 | -6/Factory | Identified exit to Garrison 12413 | -6/Factory | Entered Garrison 12413 | -6/Garrison | Accompanied by 1 ally 12452 | -6/Garrison | Triggered checkpoint 12618 | -6/Garrison | Triggered checkpoint 12712 | -6/Garrison | Discovered new exit (range 19) 12779 | -6/Garrison | Garrison Relay disabled 12794 | -6/Garrison | Triggered checkpoint 12892 | -6/Garrison | Triggered checkpoint 12942 | -6/Garrison | Triggered checkpoint 13114 | -6/Garrison | Discovered new exit (range 10) 13268 | -6/Garrison | Triggered checkpoint 13304 | -6/Garrison | Garrison Relay disabled 13468 | -6/Garrison | Triggered checkpoint 13490 | -6/Garrison | Garrison Relay disabled 13529 | -6/Garrison | Discovered new exit (range 21) 13666 | -6/Garrison | Expanded RIF knowledge: Hotswap 13790 | -6/Garrison | Triggered checkpoint 13851 | -6/Garrison | Garrison Relay disabled 14055 | -6/Garrison | Entered Factory 14055 | -5/Factory | Accompanied by 4 allies 14055 | -5/Factory | Evolved 2 slots: Utility x2 14173 | -5/Factory | Build established: Botlord-Mutant 14423 | -5/Factory | Discovered new exit (range 9) 15134 | -5/Factory | Lost 3 parts (2u1w) 15363 | -5/Factory | Discovered new exit (range 14) 15430 | -5/Factory | Lost 3 parts (1n2u) 15622 | -5/Factory | System corruption reached 10% 15685 | -5/Factory | Build established: Bothacker-Mutant 15727 | -5/Factory | Lost 9 parts (1p3n5u) 15897 | -5/Factory | Core integrity fell below 50% 15924 | -5/Factory | Lost 6 parts (1p1n1u3w) 15992 | -5/Factory | Build established: Hauler-Mutant 16239 | -5/Factory | Garrison activated, responded to threat 16290 | -5/Factory | Identified exit to Garrison 16290 | -5/Factory | Entered Garrison 16576 | -5/Garrison | Triggered checkpoint 16619 | -5/Garrison | Garrison Relay disabled 16948 | -5/Garrison | Build established: Bothacker-Mutant 16986 | -5/Garrison | Triggered checkpoint 16986 | -5/Garrison | Triggered checkpoint 16991 | -5/Garrison | Triggered checkpoint 17270 | -5/Garrison | Discovered new exit (range 12) 17472 | -5/Garrison | Discovered new exit (range 10) 17501 | -5/Garrison | Expanded RIF knowledge: Autooverride 17598 | -5/Garrison | Triggered checkpoint 17728 | -5/Garrison | Garrison Relay disabled 17873 | -5/Garrison | Triggered checkpoint 17957 | -5/Garrison | Garrison Relay disabled 18048 | -5/Garrison | Build established: Botlord-Mutant 18188 | -5/Garrison | Entered Factory 18480 | -5/Factory | Garrison activated, responded to threat 18598 | -5/Factory | Garrison activated, responded to threat 18637 | -5/Factory | Identified exit to Garrison 18637 | -5/Factory | Entered Garrison 18722 | -5/Garrison | Lost 7 parts (1p1n4u1w) 18772 | -5/Garrison | Spotted B-75 Beast 18790 | -5/Garrison | Triggered checkpoint 18794 | -5/Garrison | Triggered checkpoint 18794 | -5/Garrison | Assimilated Beast 6a with formatsys_high 18802 | -5/Garrison | Core integrity fell below 20% 18817 | -5/Garrison | Destroyed by H-66 Slayer with Heavy Assault Rifle Last Messages --------------- >>formatsys_high Rerouting network defenses. Erasing system data. Installing primary routines, ETC: 6. 18796_ Reactivated Beast 6a. 18797_ Slug penetrates H-66 Slayer. 18798_ Penetrated by Slug. 18798_ Imp. Treads destroyed. 18799_ Slug penetrates H-66 Slayer. 18801_ Penetrated by Slug. 18801_ KE Penetrator destroyed. 18801_ Penetrated by Slug. 18804_ Relay Coupler [Grunt] destroyed. 18807_ Slug penetrates Wall. 18807_ Shock Bomb Launcher destroyed. 18811_ Penetrated by Slug. 18813_ Destroyed Hvy. Laser. 18814_ Penetrated by Slug. 18816_ G-50 Soldier knocked back. 18817_ Penetrated by Slug. Map ----- +----------------------------------------------------+ | ?????????????????????????????????????????????????? | | ?????????????????????????????????????????????????? | | ?????????????????????????????????????????????????? | | ?????????????????????????????????????????????????? | | ?????????????????????????????????????????????????? | | ?????????????????????????????????????????????????? | | ?????????????????????????????????????????????????? | | ?????????????????????????????????????????????????? | | ?????????????????????????????????????????????????? | | ?????????????????????????????????????????????????? | | ????????????#????????????????????????????????????? | | ????????????# ???????????????????????????????????? | | ????????????# ??????????????????????????????????? | | ????????????# ???ggg???????????????????????????? | | ????????????? ##""??######?????????????????????? | | ?????????????? ??? ##????????????????????? | | ??????????????? ?? ?????????????????????? | | ????????????#??? ?? ?????????????????????? | | ????????????# ??# ?# #?????????????????????? | | ?????????????? ## ## ###???????????????????? | | ??????????gg???? C#???????????????????? | | ???????????g?????? BB C#???????????????????? | | ???????????????????? B h%C#???????????????????? | | ????????????????g????? #???????????????????? | | ?????????????????# b???# #?????????????????????? | | ?????????#### ## ## @ #?????????????????????? | | ????? g #####?????????????????? | | ????? ^ g ; #?????????????????? | | ?????????#### ### #?????????????????? | | ????????????## ##g! ## #?# ###########?###???? | | ?????????????#???#=% ?# #?# #???? | | ?????????????????####??# #?# ###########?# #???? | | ???????????????????????# ### #####???????# #???? | | ???????????????????????# # ####????# #???? | | ???????????????????????# # #????# #???? | | ???????????????????????# ## ## ######"##### | | ???????????????????????# ! | | ???????????????????????# = [ | | ???????????????????????# | | ???????????????????????#### # ## ####### #### | | ??????????????????????????### #?????# #??? | | ????????????????????????????## ######?????# #??? | | ?????????????????????????????####??????????# #??? | | ??????????????????????????????????????????? ^#??? | | ?????????????????????????????????????????? #??? | | ??????????????????????????????????????????#####??? | | ?????????????????????????????????????????????????? | | ?????????????????????????????????????????????????? | | ?????????????????????????????????????????????????? | | ?????????????????????????????????????????????????? | +----------------------------------------------------+ Best States ------------- Heat Dissipation 48 Energy Generation 18 Energy Capacity 290 Matter Stores 500 Matter Capacity 500 Sight Range 22 Terrain Scan Density 10 Armor Coverage 675 Evasion (%) 50 Targeting Accuracy 6 Recoil Reduction 2 Relay Coupler Types 115 Relay Coupler Value 6 Item Schematics ----------------- None Robot Schematics ------------------ None Fabricated ------------ Nothing Alien Tech Used ----------------- None Achievements -------------- A New Friend Challenges ------------ None Game ------ Seed ZioniteAutogunRecalibrator Manual? 0 Play Time 03:10:22 Cumulative 106.0 hours Start 2021.04.14 @ 23:20:46 End 2021.04.16 @ 14:28:18 Sessions 9 Manual Loads 0 Difficulty Rogue Special Mode None Game No. 172 Rogue 172 Adventurer 0 Explorer 0 Win Type - Total 0 Types 0/0/0/0/0/0/0/0/0 Lore% 29 Gallery% 48 Achievement% 39 Wizard Run 0 Options --------- ASCII 0 Keyboard 0 Movement Mouse Keybinds 0 Fullscreen 1 Font 18/SmallcapsGlow Map View 76x50 Tactical HUD 1 Map Filters NONE Filters NONE Steam 1 RUN: f0d1e7f7-60b9-44b5-bf91-6ddc7be99729